 Dungeon Crawl Stone Soup version 0.18.1-48-g4cf74bf (webtiles) character file.

15308 tyranidshit the Protected (level 12, -4/97 HPs)
             Began as a Demonspawn Abyssal Knight on Sept 8, 2016.
             Was a High Priest of Lugonu.
             Slain by a freezing wraith (5 damage)
             ... in an ice cave.
             The game lasted 00:40:58 (8410 turns).

tyranidshit the Protected (DsAK)                    Turns: 8410, Time: 00:40:58

Health: -4/97      AC: 18    Str: 20    XL:     12   Next: 0%
Magic:  13/13      EV: 12    Int: 13    God:    Lugonu [*****.]
Gold:   566        SH: 17    Dex: 18    Spells: 1 memorised, 10 levels left

rFire  x . .     SeeInvis .     N - +3 war axe (elec)
rCold  + . .     Gourm    .     a - +2 leather armour of Wonder {+Fly Regen+ Dex+4}
rNeg   . . .     Faith    .     d - +2 shield
rPois  +         Spirit   .     v - +2 hat
rElec  .         Dismiss  .     B - +1 cloak {rPois}
rCorr  .         Reflect  +     u - +1 pair of gloves {Str+3}
SustAt .         Harm     .     g - +1 pair of boots
MR     .....                    r - +4 amulet of reflection
Stlth  +.........               b - ring of ice
                                A - ring of poison resistance

@: hasted and slowed, not resistant to hostile enchantments, very unstealthy
A: antennae 1, molten scales 2, spiny 1
a: Depart the Abyss, Bend Space, Banish, Corrupt, Enter the Abyss, Renounce
Religion, Evoke Flight


You were in an ice cave.
You worshipped Lugonu.
Lugonu was extremely pleased with you.
You were not hungry.

You visited 2 branches of the dungeon, and saw 11 of its levels.
You visited the Abyss 1 time.
You also visited: Sewer, Ossuary and Ice Cave.

You collected 1137 gold pieces.
You spent 571 gold pieces at shops.

Inventory:

Hand Weapons
 w - the +5 mace "Naoll" {freeze, rC- rN+ Dex+4}
   (You found it on level 6 of the Dungeon)

   It has been specially enchanted to freeze those struck by it, causing extra
   injury to most foes and up to half again as much damage against particularly
   susceptible opponents.
   It can also slow down cold-blooded creatures.
   It affects your dexterity (+4).
   It makes you vulnerable to cold.
   It protects you from negative energy.
 N - a +3 war axe of electrocution (weapon)
Armour
 a - the +2 leather armour of Wonder (worn) {+Fly Regen+ Dex+4}
   (You found it on level 8 of the Dungeon)

   It affects your dexterity (+4).
   It lets you fly.
   It increases your rate of regeneration.
 d - a +2 shield (worn)
 f - a +0 plate armour
 g - a +1 pair of boots (worn)
 u - a +1 pair of gloves of strength (worn)
 v - a +2 hat (worn)
 B - a +1 cloak of poison resistance (worn)
 D - the +1 robe of Xobumor {rCorr Slay+2}
   (You found it on level 6 of the Dungeon)

   It affects your accuracy and damage with ranged weapons and melee attacks
   (+2).
   It protects you from acid and corrosion.
 Q - the +3 ring mail "Naimn" {*Contam MR+ rCorr}
   (You found it on level 1 of the Lair of Beasts)

   It affects your resistance to hostile enchantments.
   It causes magical contamination when unequipped.
   It protects you from acid and corrosion.
Jewellery
 b - a ring of ice (right hand)
 r - a +4 amulet of reflection (around neck)
 A - a ring of poison resistance (left hand)
 C - the amulet "Dirip" {Faith rElec rC- rN++ Str+3}
   (You found it on level 6 of the Dungeon)

   [amulet of faith]

   It allows you to gain divine favour quickly.
   It affects your strength (+3).
   It makes you vulnerable to cold.
   It insulates you from electricity.
   It greatly protects you from negative energy.
 I - an uncursed ring of protection from magic
Wands
 h - a wand of slowing (18/48)
 k - a wand of polymorph (9/24)
 t - a wand of teleportation (2/9)
 x - a wand of flame (17/48)
 F - a wand of iceblast (4/15)
 G - a wand of slowing (0/48)
 P - a wand of disintegration (2/24)
 T - a wand of lightning (6/15)
 V - a wand of disintegration (15/24)
Scrolls
 m - 4 scrolls of fear
 n - 2 scrolls of fog
 p - 9 scrolls of remove curse
 q - 9 scrolls of teleportation
 y - a scroll of blinking
 M - a scroll of brand weapon
 R - a scroll of enchant armour
Potions
 e - a potion of agility
 i - 5 potions of might
 l - a potion of invisibility
 s - a potion of magic
 E - a potion of cure mutation
 H - a potion of brilliance
 J - a potion of ambrosia
 K - 2 potions of curing
 L - 2 potions of haste
 U - a potion of berserk rage
Books
 c - a book of Misfortune

   Spells                             Type                      Level
   a - Confusing Touch                Hexes                        2
   b - Confuse                        Hexes                        3
   c - Gell's Gravitas                Hexes/Translocation          3
   d - Petrify                        Transmutation/Earth          4
   e - Metabolic Englaciation         Hexes/Ice                    5
   f - Yara's Violent Unravelling     Hexes/Transmutation          5
Miscellaneous
 O - a lamp of fire
Comestibles
 j - a bread ration
 o - 14 fruits
 z - 3 beef jerkies
 S - a meat ration


   Skills:
 - Level 10.2 Fighting
 - Level 8.1 Axes
 - Level 10.3 Armour
 + Level 4.3 Dodging
 + Level 7.8 Shields
 - Level 2.6 Invocations


You had 10 spell levels left.
You knew the following spells:

 Your Spells              Type           Power        Failure   Level  Hunger
a - Apportation           Tloc           #.........   85%         1    ##.....


Dungeon Overview and Level Annotations

Branches:
Dungeon (9/15)             Temple (0/1) D:5            Lair (2/8) D:8
    Orc (0/2) D:9

Altars:
Ashenzari
Dithmenos
Elyvilon
Fedhas
Makhleb
Pakellas
Trog
Vehumet

Shops:
D:4 [   D:5 [

Annotations:
D:4 1 exclusion
D:8 exclusion: statue


Innate Abilities, Weirdness & Mutations

You have a pair of small antennae on your head.
You are mostly covered in molten scales (AC +3, EV -1).
You are partially covered in sharp spines.


Message History

You block the freezing wraith's attack.
The freezing wraith hits you but does no damage.
The freezing wraith hits you. The freezing wraith freezes you. You resist.
You block the freezing wraith's attack. x2
The freezing wraith barely misses you.
The freezing wraith is struck by your spines.
The freezing wraith hits you. The freezing wraith freezes you! You resist.
* * * LOW HITPOINT WARNING * * *
The freezing wraith misses you.
Drink which item? (? for menu, Esc to quit)
You feel yourself speed up.
You block the freezing wraith's attack. x2
The freezing wraith hits you.
* * * LOW HITPOINT WARNING * * *
The freezing wraith freezes you! You resist.
* * * LOW HITPOINT WARNING * * *
The freezing wraith misses you. You block the freezing wraith's attack.
The freezing wraith barely misses you. The freezing wraith hits you!
* * * LOW HITPOINT WARNING * * *
The freezing wraith freezes you. You resist.
You die...

##.####...## #... ##..#
##...## .... #..##
##...# ..... ##..#
##..## ..... #..##
######..# #..... ##..#
##...###.# #.....##..##
##.....##.. #....W#..#
#...#...#.. #W@.##
#..####.... ##.## ##..#
##... ### ##..## ##.#
##...# ### #### ##....##
##..## #### #......#
##....#####..####.....##
#.......##....##.......#
#.∩.∩.......#..........#


You could see 2 freezing wraiths.

Vanquished Creatures
  Fannar (Lair:1)
  Sonja (Lair:1)
  5 spiny frogs
  4 freezing wraiths (IceCv)
  3 trolls
  4 blink frogs (Lair:1)
  Prince Ribbit (D:8)
  10 yaks
  A hippogriff (D:9)
  A hungry ghost (D:7)
  A death yak simulacrum (IceCv)
  2 basilisks (D:8)
  The ghost of Mesmaeker13 the Conjurer, an amateur HECj (Ossuary)
  10 water moccasins
  3 porcupines
  A necrophage (D:6)
  15 ice beasts
  2 sky beasts
  2 black bears
  2 orc warriors
  5 ogres
  2 centaurs (D:8)
  2 phantoms
  7 crocodiles
  4 giant frogs
  A wyvern zombie (D:6)
  3 scorpions
  10 wights (D:6)
  4 howler monkeys
  A vampire bat (D:5)
  2 crimson imps
  2 giant frog zombies
  6 hounds
  2 jellies
  10 orc priests
  2 giant frog skeletons (D:7)
  4 orc wizards
  5 iguanas
  2 polar bear simulacra (IceCv)
  7 worker ants
  A wolf simulacrum (IceCv)
  A big kobold zombie (Ossuary)
  A hound skeleton (D:6)
  8 mummies (Ossuary)
  A worker ant zombie (D:8)
  12 adders
  8 gnolls
  35 river rats
  A shadow imp (D:7)
  5 white imps (IceCv)
  2 oozes
  2 adder skeletons (D:5)
  3 worms
  3 dart slugs
  3 fire bats (D:5)
  6 giant geckos
  49 orcs
  2 spectral bats (D:5)
  21 bats
  3 bat skeletons (D:5)
  A bat zombie (D:5)
  4 giant cockroaches
  A gnoll zombie (Ossuary)
  6 goblins
  4 hobgoblins
  3 jackals (D:7)
  18 kobolds
  2 quokkas
  5 ball pythons
  A bat simulacrum (D:5)
  14 giant newts
  2 hobgoblin zombies (Ossuary)
  2 jackal skeletons
  2 kobold zombies (Ossuary)
  2 orc zombies (Ossuary)
  A quokka skeleton (D:4)
  11 rats
  A fungus (Lair:2)
  2 plants
400 creatures vanquished.

Vanquished Creatures (others)
  A quokka (D:8)
  A bush (D:8)
  3 fungi
  A plant (D:8)
6 creatures vanquished.

Grand Total: 406 creatures vanquished

Notes
Turn   | Place    | Note
--------------------------------------------------------------
     0 | Abyss:1  | tyranidshit the Demonspawn Abyssal Knight began the quest for the Orb.
     0 | Abyss:1  | Reached XP level 1. HP: 18/18 MP: 2/2
   112 | Abyss:4  | Noticed an ancient zyme
   116 | D:1      | Escaped the Abyss
   205 | D:1      | Gained mutation: You are partially covered in sharp spines. [demonic ancestry]
   205 | D:1      | Reached XP level 2. HP: 23/24 MP: 3/3
   215 | D:1      | Reached * piety under Lugonu
   318 | D:1      | Reached skill level 1 in Dodging
   450 | D:1      | Reached XP level 3. HP: 25/30 MP: 4/4
  1123 | D:2      | Reached ** piety under Lugonu
  1589 | D:3      | Learned a level 1 spell: Apportation
  1601 | D:3      | Reached XP level 4. HP: 36/38 MP: 5/5
  1745 | D:3      | Reached skill level 5 in Fighting
  1782 | D:3      | Found a glowing drain.
  1789 | Sewer    | Entered a sewer
  1823 | Sewer    | Reached XP level 5. HP: 37/44 MP: 6/6
  1964 | Sewer    | Reached *** piety under Lugonu
  2614 | D:4      | Noticed an ogre
  2621 | D:4      | Killed an ogre
  2621 | D:4      | Gained mutation: You are partially covered in molten scales (AC +1). [demonic ancestry]
  2621 | D:4      | Reached XP level 6. HP: 32/53 MP: 7/7
  2628 | D:4      | Found Zukunk's Armour Emporium.
  2631 | D:4      | Bought a +1 pair of gloves of strength for 198 gold pieces
  2850 | D:4      | Gained mutation: You have a pair of small antennae on your head. [demonic ancestry]
  2850 | D:4      | Reached XP level 7. HP: 49/61 MP: 8/8
  2861 | D:4      | Found a shadowy altar of Dithmenos.
  3035 | D:4      | Found a blossoming altar of Fedhas.
  3035 | D:4      | Found a burning altar of Makhleb.
  3089 | D:4      | Reached **** piety under Lugonu
  3217 | D:5      | Entered Level 5 of the Dungeon
  3269 | D:5      | Found a staircase to the Ecumenical Temple.
  3417 | D:5      | Reached XP level 8. HP: 71/71 MP: 9/9
  3496 | D:5      | Reached ***** piety under Lugonu
  3537 | D:5      | Found Osoczo's Armour Shoppe.
  3556 | D:5      | Bought a +1 cloak of poison resistance for 175 gold pieces
  3714 | D:6      | Reached skill level 10 in Fighting
  3741 | D:6      | Gained mutation: Scrolls take you a little longer to read. [potion of mutation]
  3741 | D:6      | Gained mutation: You are resistant to hostile enchantments. [potion of mutation]
  3741 | D:6      | Gained mutation: You tend to lose your temper in combat. [potion of mutation]
  3744 | D:6      | Identified a scroll of acquirement
  3749 | D:6      | Gained mutation: Your spells are a little harder to cast, but a little more powerful. [potion of mutation]
  3749 | D:6      | Gained mutation: You are agile. (Dex +2) [potion of mutation]
  3810 | D:6      | HP: 2/72 [wight/enchanted scimitar (3)]
  4006 | D:6      | Found a shattered altar of Ashenzari.
  4034 | D:6      | Got a scorched mace
  4035 | D:6      | Identified the +5 mace "Naoll" {freeze, rC- rN+ Dex+4} (You found it on level 6 of the Dungeon)
  4061 | D:6      | Noticed a troll
  4076 | D:6      | Killed a troll
  4076 | D:6      | Reached XP level 9. HP: 35/78 MP: 10/10
  4134 | D:6      | Found a bloodstained altar of Trog.
  4186 | D:6      | Got a glittering bone amulet
  4187 | D:6      | Identified the amulet "Dirip" {Faith rElec rC- rN++ Str+3} (You found it on level 6 of the Dungeon)
  4277 | D:6      | Reached skill level 5 in Axes
  4277 | D:6      | Reached skill level 5 in Armour
  4423 | D:6      | Got a distressingly furry robe
  4434 | D:6      | Identified the +1 robe of Xobumor {rCorr Slay+2} (You found it on level 6 of the Dungeon)
  4510 | D:6      | Found an oddly glowing altar of Pakellas.
  4591 | D:7      | Found a sand-covered staircase.
  4605 | Ossuary  | Entered an ossuary
  4617 | Ossuary  | Noticed Mesmaeker13's ghost (amateur HECj)
  4673 | Ossuary  | Killed Mesmaeker13's ghost
  4718 | Ossuary  | Lost mutation: You are agile. (Dex +2) [potion of cure mutation]
  4718 | Ossuary  | Lost mutation: Your spells are a little harder to cast, but a little more powerful. [potion of cure mutation]
  4718 | Ossuary  | Lost mutation: You are resistant to hostile enchantments. [potion of cure mutation]
  4719 | Ossuary  | Lost mutation: Scrolls take you a little longer to read. [potion of cure mutation]
  4719 | Ossuary  | Lost mutation: You tend to lose your temper in combat. [potion of cure mutation]
  5761 | D:8      | Reached ****** piety under Lugonu
  5763 | D:8      | Reached XP level 10. HP: 80/85 MP: 11/11
  5833 | D:8      | Found a staircase to the Lair.
  5890 | D:8      | Got a slimy leather armour
  5901 | D:8      | Identified the +2 leather armour of Wonder {+Fly Regen+ Dex+4} (You found it on level 8 of the Dungeon)
  5991 | D:8      | Found a white marble altar of Elyvilon.
  6026 | D:8      | Noticed Prince Ribbit
  6031 | D:8      | Killed Prince Ribbit
  6060 | D:8      | Found a radiant altar of Vehumet.
  6363 | D:4      | Bought a +2 shield for 198 gold pieces
  6622 | D:9      | Reached skill level 1 in Shields
  6737 | D:9      | Found a staircase to the Orcish Mines.
  7269 | Lair:1   | Entered Level 1 of the Lair of Beasts
  7360 | Lair:1   | Noticed a spiny frog
  7373 | Lair:1   | Killed a spiny frog
  7373 | Lair:1   | Reached XP level 11. HP: 72/91 MP: 12/12
  7438 | Lair:1   | Got a steaming ring mail
  7449 | Lair:1   | Identified the +3 ring mail "Naimn" {*Contam MR+ rCorr} (You found it on level 1 of the Lair of Beasts)
  7503 | Lair:1   | Gained mutation: You tend to lose your temper in combat. [mutagenic glow]
  7674 | Lair:1   | Reached skill level 5 in Shields
  7708 | Lair:1   | Noticed Sonja
  7711 | Lair:1   | Killed Sonja
  7735 | Lair:1   | Noticed Fannar
  7745 | Lair:1   | Killed Fannar
  7772 | Lair:1   | Reached skill level 10 in Armour
  7793 | Lair:1   | Lost mutation: You tend to lose your temper in combat. [potion of cure mutation]
  8243 | Lair:2   | Found a frozen archway.
  8285 | IceCv    | Entered an ice cave
  8404 | IceCv    | Gained mutation: You are mostly covered in molten scales (AC +3, EV -1). [demonic ancestry]
  8404 | IceCv    | Reached XP level 12. HP: 88/97 MP: 13/13
  8410 | IceCv    | HP: 1/97 [freezing wraith (9)]
  8410 | IceCv    | Slain by a freezing wraith

Skill      XL: |  1  2  3  4  5  6  7  8  9 10 11 |
---------------+----------------------------------+-----
Armour         | 2 4 7 9 10 | 10.3
Dodging        | 1 4 |  4.3
Fighting       | 4 5 6 7 9 10 | 10.2
Axes           | 4 7 8 |  8.1
Shields        | 4 7 |  7.8
Invocations    | |  2.6

Action                   |  1- 3 |  4- 6 |  7- 9 | 10-12 || total
-------------------------+-------+-------+-------+-------++-------
Melee: Hand axe          |    57 |   122 |   121 |       ||   300
       Demon whip        |       |       |    90 |       ||    90
       Mace              |       |       |    30 |       ||    30
       War axe           |       |       |    44 |   401 ||   445
Invok: Depart the Abyss  |     1 |       |       |       ||     1
Evoke: Wand              |       |       |     6 |     3 ||     9
  Use: Scroll            |     7 |     3 |    10 |     5 ||    25
       Potion            |     6 |       |    12 |     3 ||    21
 Stab: Distracted        |       |       |       |     1 ||     1
  Eat: Bread ration      |     1 |     1 |       |     1 ||     3
       Meat ration       |       |       |     2 |     1 ||     3
       Pizza             |       |       |     2 |       ||     2
       Royal jelly       |       |       |       |     1 ||     1
Armor: Plate armour      |    40 |    68 |   291 |    19 ||   418
       Leather armour    |     1 |       |       |   108 ||   109
Dodge: Dodged            |     9 |    19 |   110 |   128 ||   266
Block: Shield            |       |       |       |   248 ||   248
       Reflection        |       |       |       |     2 ||     2
